 Dungeon Crawl Stone Soup version 0.26.1-2-gb8aa6d0cf2 (webtiles) character file.

Game seed: 12530344869891501445

35 nightchill the Skirmisher (level 3, 30/30 HPs)
             Began as a Formicid Abyssal Knight on Mar 18, 2021.
             Was a Follower of Lugonu.
             Quit the game on level 2 of the Dungeon.
             The game lasted 00:01:55 (1470 turns).

nightchill the Skirmisher (Formicid Abyssal Knight) Turns: 1470, Time: 00:01:55

Health: 30/30      AC: 10    Str: 17    XL:     3   Next: 52%
Magic:  5/5        EV:  5    Int: 11    God:    Lugonu [*.....]
Gold:   94         SH:  0    Dex: 10    Spells: 2/2 levels left

rFire    + . .     SeeInvis +   a - +1 mace
rCold    + . .     Faith    .   (no shield)
rNeg     . . .     Spirit   .   f - +0 plate armour
rPois    .         Reflect  .   (helmet unavailable)
rElec    .         Harm     .   l - scarf {rC+ rF+}
rCorr    .         Rampage  .   (no gloves)
Will     .....                  (no boots)
Stlth    ..........             (no amulet)
HPRegen  0.10/turn              (no ring)
MPRegen  0.09/turn              (no ring)

@: no status effects
A: permanent stasis, dig shafts and tunnels, four strong arms, antennae 3
a: Dig, Shaft Self, Renounce Religion, Depart the Abyss


You were on level 2 of the Dungeon.
You worshipped Lugonu.
Lugonu was aware of your devotion.
You visited 1 branch of the dungeon, and saw 2 of its levels.
You visited the Abyss 1 time.

You collected 94 gold pieces.

Inventory:

Hand Weapons
 a - a +1 mace (weapon)
Armour
 b - a +0 leather armour
 f - a +0 plate armour (worn)
 l - a scarf of resistance (worn)
Jewellery
 m - a cursed -4 ring of evasion {unknown}
Scrolls
 d - 3 scrolls of identify {unknown}
 h - a scroll of teleportation {unknown}
Potions
 c - a potion of flight {unknown}
 e - 2 potions of degeneration {unknown}
 g - 2 potions of resistance {unknown}
 i - a potion of mutation {unknown}
 j - a potion of might {unknown}
 k - 2 potions of curing {unknown}
 n - a potion of lignification {unknown}


   Skills:
 + Level 3.6 Fighting
 * Level 3.0 Maces & Flails
 - Level 2.1 Armour
 - Level 0.8 Dodging
 + Level 2.8 Invocations


You had 2 spell levels left.
You didn't know any spells.
Your spell library was empty.

Dungeon Overview and Level Annotations

Branches:
Dungeon (2/15)

Altars:


Innate Abilities, Weirdness & Mutations

You cannot be hasted, slowed, berserked, paralysed or teleported.
You can dig through walls and to a lower floor.
Your four strong arms can wield two-handed weapons with a shield.
You have a pair of large antennae on your head. (SInv)


Message History

Things that are here:
a +0 hunting sling; 26 stones; a goblin corpse
Found a whip.
Found a stone staircase leading down.
A hobgoblin comes into view.
The hobgoblin shouts!
A hobgoblin is nearby!
You see here a spear.
You sock the hobgoblin!
You kill the hobgoblin!
Lugonu accepts your kill.
No target in view!
No target in view!
Saving game... please wait.
Welcome back, nightchill the Formicid Abyssal Knight.
Lugonu says: Spread carnage and corruption!
Press ? for a list of commands and other information.
Found 8 bolts.
Are you sure you want to abandon this character and quit the game? (Confirm with "yes".)
Okay, then.
Are you sure you want to abandon this character and quit the game? (Confirm with "yes".)

.# #.###.##### ...# #
.####.###.....## .. #
#..## # ...............#
...# ... #
.####.....###..# ...#
##.# #
.##.#.###.###..##.#.). #
...#..# #...(.......>. #
#.###.###(###..##.###
.## ##......(..##.######
#.###.#.######.)@......(
##.#.##...........######
##.############### ###


There were no monsters in sight!

Vanquished Creatures
  A dart slug (D:1)
  3 ball pythons
  A giant cockroach (D:2)
  3 goblins
  4 hobgoblins
  4 jackals (D:2)
  4 bats (D:2)
  2 frilled lizards
  3 kobolds
  5 rats
30 creatures vanquished.

Notes
Turn   | Place    | Note
-------+----------+-------------------------------------------
     0 | Abyss:1  | nightchill the Formicid Abyssal Knight began the quest for
                  | the Orb.
     0 | Abyss:1  | Reached XP level 1. HP: 18/18 MP: 2/2
    49 | D:1      | Escaped the Abyss
   471 | D:1      | Reached XP level 2. HP: 22/24 MP: 3/3
  1007 | D:2      | Reached XP level 3. HP: 28/29 MP: 4/4
  1470 | D:2      | Quit the game

Illustrated notes

Levels and vault maps discovered:
D:1:      lightli_arrival_chessboard, layout_loops_ring, serial_forest,
          infiniplex_forest_straight_5, infiniplex_forest_lined_2,
          infiniplex_forest_straight_2, infiniplex_forest_lined_3_way,
          infiniplex_forest_lined_1, infiniplex_forest_clump_small,
          infiniplex_forest_straight_3, infiniplex_forest_end_1,
          kennysheep_flooded_box
D:2:      layout_loops_ring

Skill      XL: |  1  2  3 |
---------------+----------+-----
Maces & Flails | 3 |  3.0
Fighting       | |  3.6
Armour         | |  2.1
Dodging        | |  0.8
Invocations    | |  2.8

Action                   || total
-------------------------++-------
Melee: Mace              ||    92
Armor: Plate armour      ||    76
       Leather armour    ||     1
Dodge: Dodged            ||    31
